 Dungeon Crawl Stone Soup version 0.27.1-35-g4d5d836560 (webtiles) character file.

Game seed: 11637518502280295285

1470 Delamore the Slicer (level 8, 0/54 HPs)
             Began as an Octopode Brigand on May 2, 2022.
             Slain by a gnoll (3 damage)
             ... on level 5 of the Dungeon.
             The game lasted 00:06:16 (5886 turns).

Delamore the Slicer (Octopode Brigand)              Turns: 5886, Time: 00:06:16

Health: 0/54       AC:  7    Str: 11    XL:     8   Next: 78%
Magic:  8/8        EV: 29    Int: 19    God:
Gold:   279        SH:  0    Dex: 15    Spells: 7/7 levels left

rFire    . . .     SeeInvis .   m - +0 whip (elec)
rCold    . . .     Faith    .   (no shield)
rNeg     . . .     Spirit   .   n - +2 hat
rPois    .         Reflect  .   C - amulet of the acrobat
rElec    .         Harm     .   o - +6 ring of intelligence
rCorr    .         Rampage  .   s - +4 ring of protection
Will     .....                  (no ring)
Stlth    ++++......             (no ring)
HPRegen  0.18/turn              (no ring)
MPRegen  0.11/turn              (no ring)
                                (no ring)
                                (no ring)

@: silenced, acrobatic
A: almost no armour, amphibious, 8 rings, camouflage 1, gelatinous body 1,
(nimble swimmer 1), tentacles
a: no special abilities


You were on level 5 of the Dungeon.
You visited 1 branch of the dungeon, and saw 5 of its levels.

You collected 279 gold pieces.

Inventory:

Hand Weapons
 a - a +2 dagger
 m - a +0 whip of electrocution (weapon)
 p - a +1 short sword of draining
Missiles
 b - 17 poisoned darts
 i - 136 stones
 y - 4 atropa-tipped darts (quivered)
 z - 4 boomerangs
Armour
 n - a +2 hat (worn)
Jewellery
 o - a +6 ring of intelligence (left tentacle)
 s - a +4 ring of protection (right tentacle)
 C - an amulet of the acrobat (around mantle)
Wands
 t - a wand of flame (10)
 A - a wand of polymorph (1)
Scrolls
 d - a scroll of identify {unknown}
 g - 3 scrolls of teleportation
 h - 3 scrolls of enchant armour
 j - a scroll of enchant weapon {unknown}
 k - a scroll of blinking {unknown}
 l - a scroll of immolation {unknown}
 r - a scroll of noise {unknown}
 u - a scroll of magic mapping {unknown}
 v - a scroll of fear {unknown}
 w - a scroll of amnesia {unknown}


   Skills:
 - Level 4.0 Fighting
 + Level 8.4 Short Blades
 - Level 4.0 Throwing
 + Level 2.8 Dodging
 + Level 7.3 Stealth


You had 7 spell levels left.
You didn't know any spells.
Your spell library contained the following spells:

 Spells                   Type           Power      Damage    Failure   Level
 Ensorcelled Hibernation  Hex/Ice        0%         N/A       30%         2
 Spider Form              Tmut/Pois      0%         N/A       52%         3
 Shadow Creatures         Summ           N/A        N/A       100%        6


Dungeon Overview and Level Annotations

Branches:
Dungeon (5/15)
 Temple: D:4-7

Altars:
Makhleb
Zin

Annotations:
D:5 Dowan, Duvessa


Innate Abilities, Weirdness & Mutations

You cannot wear most types of armour.
You are amphibious.
You can wear up to eight rings at the same time.
Your skin changes colour to match your surroundings (Stealth+).
Your rubbery body absorbs attacks. (AC +1, EV +1)
((You are camouflaged near water. (Stealth+)))
You have tentacles for arms and can constrict up to eight enemies at once.


Message History

Magic scrolls do not work when you're silenced!
You feel sick.
The wyvern skeleton completely misses you.
Dowan barely misses you.
You feel sick. Dowan hits you but does no damage.
You feel sick.
You feel sick.
Duvessa looks more healthy.
The gnoll misses you. The gnoll completely misses you.
You feel sick.
You are no longer poisoned.
The gnoll barely misses you.
Dowan mumbles some strange words.
Dowan blinks!
Duvessa is no longer moving slowly.
Dowan smirks and points a slender finger.
The gnoll completely misses you. The gnoll completely misses you.
Throw: 6 darts (atropa)
Press: ? - help, Q - select action, (/) - cycle Shift-Dir - straight line, f - gnoll
Aim: a gnoll, wielding a +0 club (silenced, fast, 66% to hit, chance to blind on hit: 100%)
You throw an atropa-tipped dart.
The atropa-tipped dart barely misses the gnoll.
The gnoll hits you with a +0 club.
* * * LOW HITPOINT WARNING * * *
Throw: 5 darts (atropa)
Press: ? - help, Q - select action, (/) - cycle Shift-Dir - straight line, f/p - gnoll
Aim: a gnoll, wielding a +0 club (silenced, fast, 66% to hit, chance to blind on hit: 100%)
You throw an atropa-tipped dart. The atropa-tipped dart hits the gnoll!
The gnoll appears confused.
The gnoll hits Duvessa but does no damage.
The gnoll hits something but does no damage.
The gnoll hits itself with a +0 club.
The gnoll seems less confused.
The gnoll shaman calls upon its god to heal the gnoll.
The gnoll's wounds heal themselves!
Dowan gestures wildly while chanting.
Dowan blinks!
The gnoll is no longer blind.
The gnoll hits you with a +0 club.
You die...

###############
###############.|...e..##.#§##§#
.............)@g.......§.§.....
#..........##.....g.Z##.#≈##≈# #
#..........##........##.######
#.##..........##........##.....§.
..............##........##.eZ)...
..##†...†.....##........##.......
..............##........##.......
..##..........##........##.......
....<.........##........#########


You could see Dowan, a gnoll shaman, a gnoll (fast) and a wyvern skeleton.

Vanquished Creatures
  Eustachio (D:4)
  Menkaure (D:4)
  Edmund (D:5)
  A necrophage (D:4)
  2 ogres
  A phantom (D:5)
  Blork the orc (D:4)
  A scorpion (D:4)
  A water moccasin skeleton (D:5)
  A centaur zombie (D:3)
  3 hounds (D:4)
  Crazy Yiuf (D:4)
  2 orc priests
  Natasha (thrice) (D:3)
  2 iguanas (D:5)
  Robin (D:2)
  4 adders
  5 gnolls
  A shadow imp (D:5)
  A white imp (D:5)
  4 worms
  4 dart slugs
  19 orcs
  4 ball pythons (D:1)
  3 bats
  6 endoplasms
  3 giant cockroaches
  17 goblins
  7 hobgoblins
  12 jackals
  9 kobolds
  4 quokkas
  A frilled lizard (D:3)
  8 rats
135 creatures vanquished.

Notes
Turn   | Place    | Note
-------+----------+-------------------------------------------
     0 | D:1      | Delamore the Octopode Brigand began the quest for the Orb.
     0 | D:1      | Reached XP level 1. HP: 14/14 MP: 1/1
   152 | D:1      | Reached XP level 2. HP: 19/19 MP: 2/2
   791 | D:1      | Reached skill level 3 in Short Blades
   953 | D:2      | Reached XP level 3. HP: 24/24 MP: 3/3
  1312 | D:2      | Noticed Robin
  1320 | D:2      | Killed Robin
  1321 | D:2      | Reached XP level 4. HP: 14/29 MP: 4/4
  2441 | D:3      | Reached skill level 4 in Short Blades
  2441 | D:3      | Reached XP level 5. HP: 23/35 MP: 5/5
  2854 | D:3      | Found a faded altar of an unknown god.
  3166 | D:4      | Noticed Natasha
  3174 | D:3      | Killed Natasha
  3175 | D:3      | Reached XP level 6. HP: 26/42 MP: 6/6
  3205 | D:3      | Noticed Natasha
  3218 | D:3      | Killed Natasha
  3779 | D:4      | Noticed Menkaure
  3784 | D:4      | Killed Menkaure
  3785 | D:4      | Reached skill level 5 in Short Blades
  3785 | D:4      | Reached XP level 7. HP: 44/47 MP: 7/7
  4066 | D:4      | Reached skill level 6 in Short Blades
  4089 | D:4      | Identified the +1 flail of the Blessed Realm {venom, rN+}
  4270 | D:4      | Noticed Eustachio
  4283 | D:4      | Killed Eustachio
  4284 | D:4      | Reached skill level 7 in Short Blades
  4386 | D:4      | Noticed Blork the orc
  4396 | D:4      | Killed Blork the orc
  4397 | D:4      | Reached XP level 8. HP: 41/54 MP: 8/8
  4827 | D:4      | Found a glowing silver altar of Zin.
  4890 | D:4      | Found a runed translucent door.
  4891 | D:4      | Noticed Crazy Yiuf
  4901 | D:4      | Killed Crazy Yiuf
  5282 | D:3      | Noticed Natasha
  5294 | D:3      | Killed Natasha
  5429 | D:5      | Entered Level 5 of the Dungeon
  5434 | D:5      | Reached skill level 8 in Short Blades
  5679 | D:5      | Noticed Edmund
  5686 | D:5      | Killed Edmund
  5817 | D:5      | Found a burning altar of Makhleb.
  5849 | D:5      | Noticed Dowan
  5849 | D:5      | Noticed Duvessa
  5862 | D:5      | HP: 1/81 [Dowan/puff of frost (8)]
  5871 | D:5      | HP: 2/54 [poisoned by Duvessa]
  5877 | D:5      | HP: 1/54 [gnoll (2)]
  5886 | D:5      | Slain by a gnoll

Illustrated notes

Levels and vault maps discovered:
D:1:      lemuel_arrival_behind_the_door_small, layout_loops_cross,
          minmay_split_cup_large
D:2:      layout_loops_corners, serial_bayou_lagoon_b, uniq_robin
D:3:      layout_loops_ring, ebering_ecumenical_altar_webs
D:4:      cheibrodos_helix_gallery, layout_loops_ring,
          mainiacjoe_overflow_paths, uniq_natasha, uniq_crazy_yiuf_cottage,
          uniq_menkaure, uniq_eustachio, uniq_blork_the_orc
D:5:      layout_basic, mainiacjoe_overflow_catwalk,
          amcnicky_mini_corridor_feature, uniq_ijyb, uniq_edmund, uniq_duvessa

Skill      XL: |  1  2  3  4  5  6  7  8 |
---------------+-------------------------+-----
Short Blades   | 3 4 5 7 8 |  8.4
Stealth        | 6 7 |  7.3
Fighting       | 3 4 |  4.0
Throwing       | 3 4 |  4.0
Dodging        | 2 |  2.8

Action                   |  1- 3 |  4- 6 |  7- 9 || total
-------------------------+-------+-------+-------++-------
Melee: Dagger            |    69 |       |       ||    69
       Constrict         |    20 |    32 |    22 ||    74
       Tentacles         |    15 |    14 |    21 ||    50
       Whip              |       |   111 |   100 ||   211
       Unarmed           |       |     8 |     7 ||    15
Throw: Dart              |       |    12 |    21 ||    33
  Use: Scroll            |     1 |     1 |     2 ||     4
       Potion            |       |       |     4 ||     4
 Stab: Sleeping          |    11 |    15 |     6 ||    32
       Held in net/web   |       |     2 |       ||     2
       Distracted        |       |       |     1 ||     1
Armor: Skin              |     2 |    24 |    40 ||    66
Dodge: Dodged            |    29 |    64 |    73 ||   166
